 Dungeon Crawl Stone Soup version 0.31.0-7-gf635a9b802 (webtiles) character file.

Game seed: 16928557203108397757

290 Skeral the Shooter (level 6, 0/70 HPs)
             Began as a Djinni Hunter on Jan 23, 2024.
             Slain by a centaur (3 damage)
             ... on level 6 of the Dungeon.
             The game lasted 00:07:25 (2417 turns).

Skeral the Shooter (Djinni Hunter)                  Turns: 2417, Time: 00:07:25

Health: 0/70       AC: 23    Str: 10    XL:     6   Next: 58%
Gold:   138        EV:  2    Int: 10    God:
                   SH:  0    Dex: 19

rFire   . . .        a - +0 shortbow
rCold   . . .        (shield currently unavailable)
rNeg    . . .        c - melded +0 leather armour
rPois   ∞            h - melded +0 helmet
rElec   .            (cloak currently unavailable)
rCorr   +            p - melded +0 pair of gloves
SInv    .            (boots unavailable)
Will    .....        (no amulet)
Stlth   ++           R - ring of resist corrosion
HPRegen 0.31/turn    (no ring)
MPRegen 0.00/turn

%: infuse magic (-1 HP)
@: brilliant, tree-form
A: stationary, stasis, torment immunity, boosted hp, sickness immunity, (fire
resistance 2), (cold vulnerability 1), float, innate caster, HP casting, extra
vitality 1
a: no special abilities


You were on level 6 of the Dungeon.
You were a tree.
You visited 1 branch of the dungeon, and saw 6 of its levels.

You collected 174 gold pieces.
You spent 36 gold pieces at shops.


Innate Abilities, Weirdness & Mutations

You are a tree.
Your roots penetrate the ground, keeping you stationary.
You cannot be teleported.
You are immune to unholy pain and torment.
Your maximum health is greatly increased.
Your equipment is partially melded.
You are immune to sickness and miasma.
You are immune to poison.
((Your flesh is very heat resistant. (rF++)))
((You are vulnerable to cold. (rC-)))
You float through the air rather than walking.
You learn spells naturally, not from books.
Your magical power is your life essence.
You have superior vitality. (+4 MHP)


   Skills:
 + Level 4.0 Fighting
 * Level 5.3 Ranged Weapons
 - Level 2.1 Dodging
 - Level 0.7 Stealth


You knew the following spells:

 Your Spells              Type           Power      Damage    Failure   Level
e - Ensorcelled Hibernat  Hex/Ice        0%         N/A       50%         2
m - Magic Dart            Conj           0%         1d3       36%         1
Your spell library was empty.

Inventory:

Hand Weapons
 a - a +0 shortbow (weapon)
Missiles
 f - a throwing net {=f!f}
 m - 6 boomerangs
 n - 5 javelins
Armour
 c - a +0 leather armour (melded)
 h - a +0 helmet (melded)
   (You found it on level 1 of the Dungeon)
 p - a +0 pair of gloves (melded)
   (You found it on level 3 of the Dungeon)
Jewellery
 R - a ring of resist corrosion (left branch)
   (You found it on level 1 of the Dungeon)
Scrolls
 b - a scroll of butterflies
 d - 3 scrolls of blinking {unknown}
 e - a scroll of noise {unknown}
 g - 3 scrolls of identify {unknown}
 k - 2 scrolls of vulnerability {unknown}
 o - a scroll of immolation {unknown}
 q - a scroll of poison {unknown}

Dungeon Overview and Level Annotations

Branches:
Dungeon (6/15) Zot: 26873
 Temple: D:4-7

Altars:
Ashenzari
Makhleb
Trog

Shops:
D:2 *

Annotations:
D:2 Sigmund
D:5 Pikel

.........# .....
........)####.....
..................
...........#....##
....#+##.........
#####...........#
####....##......
.......oc'......
.......♣##......
.......oo†......
......##'##.....
####.. ... ..#
#....... .#
#........ #
#.$.......
#.........#
#.........#


You could see a centaur and 3 orcs.


Message History

The orc misses you. The centaur hits you.
* * * LOW HITPOINT WARNING * * *
The centaur barely misses you.
You hear some strange, mumbled words.
A puff of flame appears from out of thin air!
The puff of flame hits you. You resist.
* * * LOW HITPOINT WARNING * * *
The orc barely misses you. The orc hits you with a +0 whip.
* * * LOW HITPOINT WARNING * * *
😱 HP[-10]
You take 10 damage, and now have 8/47 hp.
MASSIVE DAMAGE!! (PAUSE) It was a potion of lignification.
You turn into a tree.
Your +0 helmet melds into your body.
Your +0 pair of gloves melds into your body.
Your +0 leather armour melds into your body.
Your roots penetrate the ground.
You feel strangely stable.
The centaur hits you but does no damage.
The centaur kicks you but does no damage.
You hear some strange, mumbled words.
A puff of flame appears from out of thin air!
The puff of flame hits you but does no damage.
The orc hits you but does no damage. x2 😱 HP[+5]
You now have 70 max hp (+23).
You regained 5 hp, and now have 13/70 hp.
It was a potion of brilliance.
You feel clever all of a sudden.
The centaur hits you but does no damage.
The centaur kicks you but does no damage.
The centaur hits you but does no damage.
The centaur kicks you but does no damage.
You hear some strange, mumbled words.
A puff of flame appears from out of thin air!
The puff of flame hits you but does no damage.
The orc hits you but does no damage. The orc hits you with a +0 whip.
* * * LOW HITPOINT WARNING * * *
The orc throws a boomerang.
The boomerang hits you but does no damage. 😱 HP[-2]
You take 2 damage, and now have 11/70 hp.
You shoot an arrow.
The arrow hits the centaur but does no damage.
The centaur hits you but does no damage.
The centaur kicks you but does no damage.
Something hits you but does no damage. The orc hits you with a +0 hand axe.
* * * LOW HITPOINT WARNING * * *
The orc throws a boomerang.
Reactivating autopickup.
You feel a bit more experienced. The orc hits you but does no damage.
The centaur hits you but does no damage.
The centaur kicks you but does no damage.
Your Fighting skill increases to level 4! 😱 HP[-2]
You take 2 damage, and now have 9/70 hp.
You shoot an arrow.
The arrow hits the centaur but does no damage.
The centaur hits you but does no damage.
The centaur kicks you but does no damage.
The orc hits you but does no damage.
The orc throws a boomerang.
The boomerang hits you.
* * * LOW HITPOINT WARNING * * *
The orc hits you but does no damage. 😱 HP[-1]
You take 1 damage, and now have 8/70 hp.
You shoot an arrow.
The arrow hits the centaur but does no damage.
The centaur hits you but does no damage.
The centaur kicks you but does no damage.
The orc hits you with a +0 hand axe.
* * * LOW HITPOINT WARNING * * *
The centaur hits you but does no damage.
The centaur kicks you but does no damage.
The orc throws a boomerang.
The boomerang hits you but does no damage.
The orc hits you but does no damage. 😱 HP[-3]
You take 3 damage, and now have 5/70 hp.
You shoot an arrow. The arrow hits the centaur.
The centaur hits you.
* * * LOW HITPOINT WARNING * * *
The centaur kicks you but does no damage.
The orc hits you but does no damage. x2
The centaur hits you but does no damage.
The centaur kicks you but does no damage. 😱 HP[-1]
You take 1 damage, and now have 4/70 hp.
You shoot an arrow. The arrow hits the centaur.
The centaur hits you but does no damage.
The centaur kicks you but does no damage.
The orc hits you but does no damage. The orc barely misses you.
The orc hits you but does no damage.
You shoot an arrow.
The arrow hits the centaur but does no damage.
The centaur hits you but does no damage.
The centaur kicks you but does no damage.
The orc hits you but does no damage. x2; The orc hits you with a +0 whip.
* * * LOW HITPOINT WARNING * * *
The centaur hits you.
You die...

Skill      XL: |  1  2  3  4  5  6 |
---------------+-------------------+-----
Ranged Weapons | 4 5 |  5.3
Fighting       | 3 4 |  4.0
Dodging        | |  2.1
Stealth        | |  0.7

Action                     |  1- 3 |  4- 6 || total
---------------------------+-------+-------++-------
   Fire: Shortbow          |   115 |   155 ||   270
    Use: Potion            |       |     2 ||     2
         Scroll            |       |     1 ||     1
 Armour: Leather armour    |    31 |    62 ||    93
         Skin              |       |    48 ||    48
  Dodge: Dodged            |    43 |    89 ||   132

Levels and vault maps discovered:
D:1:      denvon_arrival_planthouse, layout_basic, minmay_surrounded
D:2:      layout_loops_ring, hellmonk_ecumenical_altar_crossroads, serial_shops,
          nicolae_shop_window_shopping, uniq_sigmund
D:3:      layout_basic, makhleb_altar_promises_db, mainiacjoe_overflow_chevrons,
          uniq_robin
D:4:      layout_gridville, old_standard_altar, gammafunk_ghost_mausoleum,
          uniq_duvessa, uniq_blork_the_orc
D:5:      layout_basic, minmay_temple_entry_butterflies, uniq_grinder,
          uniq_pikel
D:6:      layout_basic, grunt_nemelex_the_gamble, nicolae_uskayaw_suspiria

Notes
Turn   | Place    | Note
-------+----------+-------------------------------------------
     0 | D:1      | Skeral the Djinni Hunter began the quest for the Orb.
     0 | D:1      | Reached XP level 1. HP: 18/18 MP: 0/0
     0 | D:1      | magus.rc [v1.10.3]
    78 | D:1      | Reached XP level 2. HP: 23/23 MP: 0/0
   686 | D:2      | Found Ahaossuo's General Store.
   701 | D:2      | Bought a scroll of teleportation for 36 gold pieces
   715 | D:2      | Reached XP level 3. HP: 29/29 MP: 0/0
   715 | D:2      | Learned a level 1 spell: Magic Dart
   798 | D:2      | Noticed Sigmund
   911 | D:2      | Found a faded altar of an unknown god.
  1009 | D:2      | Reached skill level 4 in Ranged Weapons
  1564 | D:3      | Reached XP level 4. HP: 34/34 MP: 0/0
  1669 | D:3      | Noticed a phantom
  1692 | D:3      | Killed a phantom
  1693 | D:3      | Reached skill level 3 in Fighting
  1693 | D:3      | Reached XP level 5. HP: 12/40 MP: 0/0
  1693 | D:3      | Learned a level 2 spell: Ensorcelled Hibernation
  1992 | D:3      | Found a broken altar of Ashenzari.
  2100 | D:3      | Noticed Robin
  2106 | D:3      | Killed Robin
  2146 | D:3      | Found a burning altar of Makhleb.
  2146 | D:3      | Noticed a balrug
  2173 | D:4      | Reached skill level 5 in Ranged Weapons
  2173 | D:4      | Reached XP level 6. HP: 47/47 MP: 0/0
  2222 | D:4      | Found a bloodstained altar of Trog.
  2276 | D:4      | You are sucked into a shaft and drop 2 floors!
  2298 | D:5      | Entered Level 5 of the Dungeon
  2307 | D:5      | Noticed Pikel
  2409 | D:6      | HP: 11/47 [centaur (1)]
  2413 | D:6      | Reached skill level 4 in Fighting
  2414 | D:6      | HP: 5/70 [orc/+0 hand axe (4)]
  2417 | D:6      | Slain by a centaur

Vanquished Creatures
  A lemure (D:6)
  A phantom (D:3)
  A bullfrog (D:6)
  A jelly (D:4)
  Robin (D:3)
  3 dart slugs
  A ribbon worm (D:2)
  4 orcs
  3 ball pythons
  6 endoplasms
  6 giant cockroaches
  12 goblins
  4 hobgoblins
  3 jackals (D:3)
  4 quokkas
  10 bats
  6 frilled lizards
  7 kobolds
  7 rats
81 creatures vanquished.

Vanquished Creatures (others)
  An orc wizard (D:6)
1 creature vanquished.

Grand Total: 82 creatures vanquished

Table legend:
 A = Non-vault XP
 B = Vault XP
 C = Vault XP percentage of total XP
 D = Non-vault monster count
 E = Vault monster count
 F = Vault count percentage of total count
                 A         B        C        D         E       F
            +---------+---------+-------+---------+---------+-------
      Total |     375 |      40 |   9.6 |      65 |      16 |  19.8
            +---------+---------+-------+---------+---------+-------
        D:1 |      22 |       6 |  21.4 |      13 |       4 |  23.5
        D:2 |      38 |       0 |   0.0 |      20 |       0 |   0.0
        D:3 |     145 |      34 |  19.0 |      25 |      12 |  32.4
        D:4 |      50 |       0 |   0.0 |       5 |       0 |   0.0
        D:6 |     120 |       0 |   0.0 |       2 |       0 |   0.0
            +---------+---------+-------+---------+---------+-------

Skill      XL: |  1  2  3  4  5  6 |
---------------+-------------------+-----
Ranged Weapons | 4 5 |  5.3
Fighting       | 3 4 |  4.0
Dodging        | |  2.1
Stealth        | |  0.7

Action                     |  1- 3 |  4- 6 || total
---------------------------+-------+-------++-------
   Fire: Shortbow          |   115 |   155 ||   270
    Use: Potion            |       |     2 ||     2
         Scroll            |       |     1 ||     1
 Armour: Leather armour    |    31 |    62 ||    93
         Skin              |       |    48 ||    48
  Dodge: Dodged            |    43 |    89 ||   132

Illustrated notes

Table legend:
 A = Kills in this place as a percentage of kills in the entire game.
 B = Kills by you in this place as a percentage of kills by you in the entire game.
 C = Kills by friends in this place as a percentage of kills by friends in the entire game.
 D = Other kills in this place as a percentage of other kills in the entire game.
 E = Experience gained in this place as a percentage of experience gained in the entire game.
 F = Experience gained in this place divided by the number of levels of this place that you have seen.
                   A       B       C       D       E      F
               +-------+-------+-------+-------+-------+----------------------
         Total | 100.0 | 100.0 |   N/A | 100.0 | 100.0 |  69.2
       Dungeon | 100.0 | 100.0 |   N/A | 100.0 | 100.0 |  69.2
               +-------+-------+-------+-------+-------+----------------------

Table legend: (Time is in decaauts)
 A = Elapsed time spent in this place.
 B = Non-inter-level travel time spent in this place.
 C = Inter-level travel time spent in this place.
 D = Time resting spent in this place.
 E = Time spent auto-exploring this place.
 F = Levels seen in this place.
 G = Mean time per level.
                   A        B        C        D        E       F      G
               +--------+--------+--------+--------+--------+-----+--------+
         Total |   2479 |   2321 |    158 |    191 |    730 |   6 |  413.2 |
       Dungeon |   2479 |   2321 |    158 |    191 |    730 |   6 |  413.2 |
               +--------+--------+--------+--------+--------+-----+--------+

Top non-repeatable levels by time:
     D:2: 833 daAuts
     D:1: 728 daAuts
     D:3: 660 daAuts
     D:6: 122 daAuts
     D:4: 111 daAuts
     D:5: 24 daAuts
